 Dungeon Crawl Stone Soup version 0.25.1-2-g60ff931df9 (webtiles) character file.

Game seed: 6148726861252029431

1129 Curus the Spear-Bearer (level 8, 0/57 HPs)
             Began as a Minotaur Abyssal Knight on Sept 1, 2020.
             Was a Priest of Lugonu.
             Slain by a worker ant (1 damage)
             ... on level 5 of the Dungeon.
             The game lasted 00:25:40 (5554 turns).

Curus the Spear-Bearer (Minotaur Abyssal Knight)    Turns: 5554, Time: 00:25:41

Health: 0/57       AC: 13    Str: 18    XL:     8   Next: 13%
Magic:  12/12      EV:  6    Int:  9    God:    Lugonu [***...]
Gold:   255        SH:  3    Dex: 13    Spells: 7/7 levels left

rFire    . . .     SeeInvis .   k - +0 trident
rCold    . . .     Gourm    .   r - +0 buckler
rNeg     . . .     Faith    .   g - +0 chain mail
rPois    .         Spirit   .   (helmet restricted)
rElec    .         Reflect  .   i - +1 cloak
rCorr    .         Harm     .   p - +1 pair of gloves
MR       .....                  (no boots)
Stlth    ..........             (no amulet)
HPRegen  0.19/turn              (no ring)
MPRegen  0.13/turn              (no ring)

@: lethally poisoned (0 -> -3)
A: retaliatory headbutt, horns 2, deterioration 1, frail 1, mutation resistance
1, strong 1
a: Depart the Abyss, Bend Space, Banish, Renounce Religion


You were on level 5 of the Dungeon.
You worshipped Lugonu.
Lugonu was most pleased with you.
You were hungry.

You visited 1 branch of the dungeon, and saw 6 of its levels.
You visited the Abyss 1 time.

You collected 255 gold pieces.

Inventory:

Hand Weapons
 a - a +1 spear
 k - a +0 trident (weapon)
Armour
 b - a +0 leather armour
 d - a +1 ring mail
 g - a +0 chain mail (worn)
 i - a +1 cloak (worn)
 j - a +4 ring mail
 l - a +0 pair of gloves
 p - a +1 pair of gloves (worn)
 r - a +0 buckler (worn)
Jewellery
 f - an uncursed amulet of inaccuracy
Wands
 n - a wand of random effects (9)
Scrolls
 h - 6 scrolls of remove curse
 m - 5 scrolls of teleportation
 t - 3 scrolls of identify
 u - 3 scrolls of amnesia
Potions
 e - 2 potions of resistance
 q - a potion of might
 s - a potion of cancellation
Comestibles
 c - 6 rations
 o - 2 chunks of flesh


   Skills:
 - Level 3.6 Fighting
 + Level 8.5 Polearms
 - Level 2.4 Armour
 - Level 1.1 Dodging
 + Level 7.0 Invocations


You had 7 spell levels left.
You didn't know any spells.
Your spell library contained the following spells:

 Spells                   Type           Power        Failure   Level  Hunger
 Confusing Touch          Hex            #.......     100%        3    ####...
 Gell's Gravitas          Tloc           #.........   100%        3    ####...
 Petrify                  Tmut/Erth      #.......     100%        4    #####..
 Metabolic Englaciation   Hex/Ice        #.........   100%        5    ######.
 Yara's Violent Unravell  Hex/Tmut       #.........   100%        5    ######.


Dungeon Overview and Level Annotations

Branches:
Dungeon (6/15)             Temple (0/1) D:4

Altars:
Dithmenos
Gozag
Trog

Shops:
D:5 *

Annotations:
D:6 Grinder, Menkaure


Innate Abilities, Weirdness & Mutations

You reflexively headbutt those who attack you in melee.
You have a pair of horns on your head.
Your body sometimes deteriorates upon taking damage.
You are frail. (-10% HP)
You are somewhat resistant to further mutation.
Your muscles are strong. (Str +2)


Message History

The worker ant poisons you!
You closely miss the worker ant.
The worker ant is severely wounded.
* * * LOW HITPOINT WARNING * * *
You feel sick. The worker ant bites you.
* * * LOW HITPOINT WARNING * * *
You hit the worker ant but do no damage.
Your headbutt misses the worker ant.
The worker ant is severely wounded.
* * * LOW HITPOINT WARNING * * *
You feel sick. The worker ant barely misses you.
Unknown command.
You barely miss the worker ant.
The worker ant is severely wounded.
The worker ant closely misses you.
You closely miss the worker ant.
The worker ant is severely wounded.
* * * LOW HITPOINT WARNING * * *
You feel sick. The worker ant bites you.
You die...

####....####..#####).............
# #######.......................
#######........................##
.....##...#....................##
.#......#.#..........#..........#
####................##....####...
##...###......[.##....#####...
###...###.............##.#....
##..#..# #....@........#.....##
#......# #.....a..#......#....#
##....####.......###.....#.....
###.....#........##.>#.###....
##..#...###.......#### ##..#
#.##..###.#....#.# #.## #####.#
##...##### #### ### #####


You could see a worker ant.

Vanquished Creatures
  Sigmund (D:4)
  Eustachio (D:5)
  A sky beast (D:5)
  A centaur (D:6)
  Blork the orc (D:5)
  10 orc wizards
  An orc priest (D:4)
  A bullfrog skeleton (D:5)
  2 worker ants
  Robin (D:2)
  8 adders
  2 dart slugs
  2 leopard geckos (D:3)
  27 orcs
  A ball python (D:3)
  12 bats
  A giant cockroach (D:5)
  15 goblins
  9 hobgoblins
  4 jackals (D:2)
  A quokka (D:3)
  4 frilled lizards
  7 kobolds
  14 rats
127 creatures vanquished.

Notes
Turn   | Place    | Note
-------+----------+-------------------------------------------
     0 | Abyss:1  | Curus the Minotaur Abyssal Knight began the quest for the
                  | Orb.
     0 | Abyss:1  | Reached XP level 1. HP: 19/19 MP: 1/1
     1 | Abyss:1  | Found a corrupted altar of Lugonu.
    55 | Abyss:1  | Noticed a large abomination
    68 | Abyss:1  | Noticed a thrashing horror
    68 | Abyss:1  | Noticed a small abomination
    69 | D:1      | Escaped the Abyss
   222 | D:1      | Reached XP level 2. HP: 26/26 MP: 2/2
   234 | D:1      | Reached skill level 3 in Polearms
   404 | D:1      | Reached * piety under Lugonu
   800 | D:2      | Found a bloodstained altar of Trog.
   809 | D:2      | Reached XP level 3. HP: 20/31 MP: 2/4
  1464 | D:2      | Reached skill level 4 in Polearms
  1578 | D:2      | Reached ** piety under Lugonu
  1621 | D:2      | Reached XP level 4. HP: 39/39 MP: 5/5
  2194 | D:3      | Reached XP level 5. HP: 16/45 MP: 6/6
  2280 | D:3      | Noticed Robin
  2295 | D:2      | Killed Robin
  2458 | D:3      | Reached skill level 5 in Polearms
  3646 | D:4      | Found a staircase to the Ecumenical Temple.
  3673 | D:4      | Gained mutation: You are frail. (-10% HP) [potion of
                  | mutation]
  3673 | D:4      | Gained mutation: Your body sometimes deteriorates upon
                  | taking damage. [potion of mutation]
  3673 | D:4      | Gained mutation: You are somewhat resistant to further
                  | mutation. [potion of mutation]
  3673 | D:4      | Gained mutation: Your muscles are strong. (Str +2) [potion
                  | of mutation]
  3679 | D:4      | Noticed Sigmund
  3692 | D:4      | Killed Sigmund
  3692 | D:4      | Reached skill level 6 in Polearms
  3692 | D:4      | Reached skill level 5 in Invocations
  3692 | D:4      | Reached XP level 6. HP: 37/45 MP: 8/8
  4264 | D:4      | Reached XP level 7. HP: 28/51 MP: 10/10
  4292 | D:4      | Reached skill level 7 in Polearms
  4609 | D:5      | Entered Level 5 of the Dungeon
  4648 | D:5      | Reached *** piety under Lugonu
  5067 | D:5      | Found Gozag's Platinum Reserve.
  5071 | D:5      | Found an opulent altar of Gozag.
  5243 | D:5      | Noticed Eustachio
  5261 | D:5      | Killed Eustachio
  5261 | D:5      | Reached skill level 8 in Polearms
  5316 | D:5      | Found a shadowy altar of Dithmenos.
  5404 | D:5      | Noticed Blork the orc
  5414 | D:5      | Killed Blork the orc
  5414 | D:5      | Reached XP level 8. HP: 51/57 MP: 10/12
  5519 | D:6      | Noticed Menkaure
  5519 | D:6      | Noticed Grinder
  5552 | D:5      | HP: 2/57 [poisoned by a worker ant]
  5554 | D:5      | Slain by a worker ant

Illustrated notes

Levels and vault maps discovered:
D:1:      lemuel_arrival_room, layout_loops_ring, minivault_14,
          minmay_rat_gold_closets
D:2:      layout_loops_corners, first_ration, minmay_tree_intersection,
          trog_three_pillars_becter
D:3:      layout_basic, serial_bayou, serial_bayou_crossing,
          serial_bayou_pond_e, serial_bayou_pond_a, serial_bayou_shore_b,
          uniq_robin
D:4:      layout_gridville, minmay_temple_entry_mist, uniq_sigmund
D:5:      layout_cave_pools, kennysheep_mini_moat,
          nicolae_gozag_zags_fifth_avenue, uniq_blork_the_orc, uniq_eustachio
D:6:      layout_rooms, uniq_grinder, uniq_edmund, uniq_menkaure

Skill      XL: |  1  2  3  4  5  6  7  8 |
---------------+-------------------------+-----
Invocations    | 2 3 5 6 7 |  7.0
Polearms       | 3 4 6 8 |  8.5
Fighting       | |  3.6
Armour         | |  2.4
Dodging        | |  1.1

Action                   |  1- 3 |  4- 6 |  7- 9 || total
-------------------------+-------+-------+-------++-------
Melee: Spear             |   124 |    92 |       ||   216
       Headbutt          |    14 |    30 |    26 ||    70
       Trident           |       |    81 |   125 ||   206
Invok: Depart the Abyss  |     1 |       |       ||     1
  Use: Scroll            |     7 |       |     2 ||     9
       Potion            |     2 |     2 |     1 ||     5
  Eat: Chunk             |     2 |     6 |     3 ||    11
       Ration            |       |     1 |       ||     1
Armor: Ring mail         |    43 |    67 |     5 ||   115
       Chain mail        |       |       |    66 ||    66
Dodge: Dodged            |    49 |    86 |    38 ||   173
Block: Buckler           |       |       |     5 ||     5
